Map: Dédale EC

Players

Bofdunix

  • Race: Zerg Zerg
  • League: Diamond
  • Spawn Location: 7:00

HoldTheDoor - Winner!

  • Race: Protoss Protoss
  • League: Diamond
  • Spawn Location: 1:00

VOD

Have the link to the VOD?

Description

Time

  • Played on: July 2, 2018, 11:39 a.m.
  • Length: 7:46
Show
View Real Time Build Order
Export as new Build Order

Bofdunix Zerg 

Build Orders: Hatch First 

Get SALT Encoding   

  12  0:01  Drone  
  13  0:08  Drone  
  14  0:22  Overlord  
  14  0:37  Extractor x2, Drone x2  
  14  0:42  Drone  
  17  0:56  Hatchery  
  16  0:59  Drone  
  16  1:03  Drone  
  18  1:18  Spawning Pool  
  17  1:21  Extractor  
  17  1:23  Drone  
  17  1:27  Drone  
  18  1:33  Drone  
  19  1:45  Drone  
  20  1:53  Drone  
  21  2:03  Drone  
  22  2:09  Queen x2  
  26  2:22  Metabolic Boost  
  26  2:23  Overlord  
  26  2:45  Hatchery  
  25  2:52  Zergling x4  
  25  2:57  Drone x2  
  29  3:03  Extractor  
  28  3:12  Drone x2  
  30  3:13  Drone  
  31  3:25  Drone x2  
  31  3:26  Drone x2  
  35  3:39  Roach Warren  
  35  3:40  Drone x2  
  36  3:47  Overlord  
  36  4:02  Drone x2  
  38  4:03  Drone x4  
  42  4:16  Evolution Chamber  
  41  4:20  Roach x2  
  41  4:22  Drone x3  
  48  4:27  Extractor  
  47  4:31  Queen  
  47  4:33  Drone  
  50  4:44  Overlord x2  
  50  4:45  Zerg Missile Weapons Level 1  
  50  5:04  Spore Crawler  
  49  5:11  Roach x2  
  49  5:12  Roach x3  
  59  5:14  Overlord  
  59  5:16  Drone x3  
  59  5:20  Lair  
  62  5:35  Drone x2  
  65  5:42  Drone  
  65  5:43  Drone x6  
  65  5:48  Extractor  
  70  5:54  Drone x4  
  74  5:59  Overlord x3  
  74  6:00  Overlord  
  74  6:17  Queen  
  76  6:29  Zergling x2  
  76  6:30  Zergling x32  
  89  6:42  Zergling x6  
  92  6:48  Spine Crawler  
  92  6:50  Spine Crawler x2  
  70  7:04  Spine Crawler  
  70  7:05  Spine Crawler x2  
  70  7:06  Spine Crawler  
  70  7:07  Roach x5, Spine Crawler  
  70  7:17  Spine Crawler  
Show
View Real Time Build Order
Export as new Build Order

HoldTheDoor Protoss - Winner!

Build Orders: 1 Gate Expand 

Get SALT Encoding   

  12  0:00  Probe  
  13  0:12  Probe  
  14  0:20  Pylon  
  14  0:24  Probe  
  15  0:37  Probe  
  16  0:43  Gateway  
  16  0:45  Assimilator, Probe  
  17  0:53  Probe  
  18  1:05  Probe  
  19  1:25  Nexus  
  19  1:35  Cybernetics Core  
  19  1:44  Probe, Pylon  
  20  1:51  Assimilator  
  20  1:56  Probe  
  21  2:08  Probe  
  22  2:12  Gateway  
  22  2:15  Adept  
  24  2:18  Warp Gate  
  24  2:20  Probe  
  25  2:32  Probe  
  26  2:42  Sentry  
  28  2:44  Probe  
  28  2:45  Pylon  
  29  2:53  Twilight Council  
  29  2:55  Probe  
  30  3:05  Robotics Facility  
  30  3:07  Probe  
  30  3:08  Pylon  
  31  3:17  Adept  
  33  3:21  Adept  
  33  3:22  Probe  
  33  3:23  Probe  
  37  3:33  Resonating Glaives  
  37  3:34  Probe  
  37  3:35  Probe  
  39  3:46  Probe  
  40  3:49  Gateway  
  40  3:53  Warp Prism  
  40  3:54  Probe  
  43  4:01  Probe  
  44  4:03  Pylon  
  44  4:11  Gateway  
  44  4:16  Pylon  
  44  4:20  Probe x2  
  46  4:25  Sentry x2  
  46  4:30  Immortal  
  54  4:32  Probe  
  55  4:48  Adept x2  
  55  4:50  Probe x2  
  61  4:59  Gateway  
  61  5:01  Gateway  
  61  5:04  Pylon  
  61  5:05  Adept  
  63  5:09  Immortal  
  63  5:12  Pylon  
  67  5:18  Gateway  
  67  5:37  Adept x3  
  67  5:38  Adept  
  75  6:01  Adept x4  
  83  6:07  Pylon x2  
  83  6:15  Gateway  
  83  6:17  Adept x2  
  87  6:19  Adept, Gateway  
  87  6:22  Pylon  
  87  6:23  Pylon  
  87  6:25  Pylon  
  89  6:27  Pylon  
  89  6:37  Adept x3  
  89  6:38  Adept x2  
  99  7:04  Adept x2  
  99  7:06  Adept  
  99  7:07  Adept x4  
  109  7:36  Adept x5  
  109  7:37  Adept x2  
Tags
 
Add a new tag
Caveats
  • Supply blocks, unpowered buildings, or Contaminate may cause inaccurate times.
  • Supply counts are checked every 10 seconds.